 Dungeon Crawl Stone Soup version 0.25-a0-166-g16436c4 (webtiles) character file.

Game seed: 13610396694668259446, levelgen mode: deterministic

133 Blackhawk the Chopper (level 4, -5/35 HPs)
             Began as a Demonspawn Gladiator on Nov 23, 2019.
             Killed by divine providence
             ... invoked by an orc priest
              (10 damage)
             ... on level 4 of the Dungeon.
             The game lasted 00:04:32 (2726 turns).

Blackhawk the Chopper (Demonspawn Gladiator)        Turns: 2726, Time: 00:04:33

Health: -5/35      AC: 13    Str: 15    XL:     4   Next: 94%
Magic:  4/4        EV:  5    Int: 10    God:
Gold:   114        SH:  7    Dex: 14    Spells: 3/3 levels left

rFire    . . .     SeeInvis .   a - +0 war axe
rCold    . . .     Gourm    .   o - +0 shield
rNeg     . . .     Faith    .   n - +0 chain mail
rPois    .         Spirit   .   c - +1 helmet
rElec    .         Reflect  .   (no cloak)
rCorr    .         Harm     .   (no gloves)
MR       .....                  (no boots)
Stlth    ..........             g - amulet of magic regeneration
HPRegen  0.11/turn              (no ring)
MPRegen  0.34/turn              (no ring)

@: no status effects
A: thin metallic scales 2
a: no special abilities


You were on level 4 of the Dungeon.
You were not hungry.

You visited 1 branch of the dungeon, and saw 4 of its levels.

You collected 114 gold pieces.

Inventory:

Hand Weapons
 a - a +0 war axe (weapon)
Missiles
 d - 3 throwing nets (quivered)
Armour
 b - a +0 leather armour
 c - a +1 helmet (worn)
 n - a +0 chain mail (worn)
 o - a +0 shield (worn)
Jewellery
 g - an amulet of magic regeneration (around neck)
Wands
 k - a wand of acid (4)
 q - a wand of polymorph (10)
Scrolls
 i - a scroll of noise {unknown}
 l - a scroll of identify {unknown}
Potions
 e - 2 potions of agility {unknown}
 h - a potion of magic {unknown}
 j - a potion of brilliance {unknown}
 m - 3 potions of curing {unknown}
 r - a potion of flight {unknown}
Comestibles
 f - 8 rations


   Skills:
 + Level 3.1 Fighting
 + Level 3.4 Axes
 - Level 2.0 Throwing
 + Level 1.5 Armour
 - Level 3.1 Dodging
 + Level 1.1 Shields


You had 3 spell levels left.
You didn't know any spells.
Your spell library was empty.

Dungeon Overview and Level Annotations

Branches:
Dungeon (4/15)
 Temple: D:4-7

Altars:
Elyvilon
Gozag
Qazlal
Sif Muna
Uskayaw
The Shining One

Annotations:
D:2 1 runed translucent door, Crazy Yiuf
D:3 3 runed translucent doors, Senshi's ghost, amateur OpTm
D:4 Edmund


Innate Abilities, Weirdness & Mutations

You are mostly covered in thin metallic scales. (AC +3)


Message History

You barely miss the orc. x2; The orc barely misses you.
The orc hits you with a +0 trident of flaming.
* * * LOW HITPOINT WARNING * * *
The orc burns you.
* * * LOW HITPOINT WARNING * * *
You block the orc's attack.
You hit the orc but do no damage.
Your shield and chain mail prevent you from hitting the orc.
You slash the orc!
You kill the orc!
You block the orc's attack. The orc hits you but does no damage.
A scorpion comes into view.
The orc barely misses you. You block the orc's attack.
Found an escape hatch in the ceiling.
Things that are here:
a +0 trident; an orc corpse The orc priest hits you but does no damage.
The orc priest mumbles some strange prayers to Beogh against you.
Beogh smites you!
You die...

## .# ##.##
##...## ##.....##
####.......###
#............#
#.##oo.....#
#.###o@..[##
#.........wo...##
........###.#.##
..####### #.#.#
#s#<# #.#.. .....
.. ..#


You could see a worm, a scorpion, 2 orc priests and 2 orcs.

Vanquished Creatures
  Robin (D:2)
  4 adders
  2 oozes
  A worm (D:3)
  2 dart slugs
  A leopard gecko (D:2)
  2 orcs
  10 bats
  A giant cockroach (D:1)
  10 goblins
  14 hobgoblins
  2 ball pythons (D:1)
  7 frilled lizards
  7 kobolds
  A leopard gecko skeleton (D:3)
  5 rats
70 creatures vanquished.

Vanquished Creatures (others)
  A leopard gecko (D:3)
1 creature vanquished.

Grand Total: 71 creatures vanquished

Notes
Turn   | Place    | Note
-------+----------+-------------------------------------------
     0 | D:1      | Blackhawk the Demonspawn Gladiator began the quest for the
                  | Orb.
     0 | D:1      | Reached XP level 1. HP: 16/16 MP: 1/1
   326 | D:1      | Gained mutation: You are partially covered in thin metallic
                  | scales. (AC +2) [demonic ancestry]
   326 | D:1      | Reached XP level 2. HP: 22/22 MP: 2/2
   624 | D:2      | Found a hide-covered altar of Uskayaw.
   624 | D:2      | Noticed a +0 dagger
   624 | D:2      | Noticed a +0 hand axe
   639 | D:1      | Reached XP level 3. HP: 25/28 MP: 3/3
  1122 | D:2      | Found a runed translucent door.
  1123 | D:2      | Noticed Crazy Yiuf
  1369 | D:2      | Reached skill level 1 in Armour
  1419 | D:2      | Noticed Robin
  1428 | D:2      | Killed Robin
  1428 | D:2      | Gained mutation: You are mostly covered in thin metallic
                  | scales. (AC +3) [demonic ancestry]
  1428 | D:2      | Reached XP level 4. HP: 27/34 MP: 4/4
  1734 | D:2      | Found a shimmering blue altar of Sif Muna.
  1734 | D:2      | Found a stormy altar of Qazlal.
  1736 | D:2      | Found a glowing golden altar of the Shining One.
  2148 | D:3      | Found a runed translucent gate.
  2148 | D:3      | Found an opulent altar of Gozag.
  2150 | D:3      | Reached skill level 1 in Shields
  2153 | D:3      | Found a runed translucent gate.
  2153 | D:3      | Found a runed translucent gate.
  2153 | D:3      | Noticed Senshi's ghost (amateur OpTm)
  2302 | D:3      | Found a white marble altar of Elyvilon.
  2705 | D:4      | Noticed Edmund
  2726 | D:4      | Killed from afar by an orc priest

Levels and vault maps discovered:
D:1:      giann_bridges, layout_basic
D:2:      layout_basic, dancing_weapons_uskayaw, nicolae_overflow_hidden_temple,
          first_ration, serial_curves, eino_curves_02, eino_curves_04,
          feat_on_display, uniq_robin, uniq_crazy_yiuf_cottage
D:3:      layout_loops_cross, elyvilon_altar_4, ebering_ghost_gozag
D:4:      layout_loops_ring, lemuel_crystal_altar, minmay_temple_entry_arrows,
          uniq_edmund, uniq_duvessa

Skill      XL: |  1  2  3  4 |
---------------+-------------+-----
Throwing       | 2 |  2.0
Axes           | 3 |  3.4
Dodging        | 3 |  3.1
Armour         | 1 |  1.5
Fighting       | 3 |  3.1
Shields        | 1 |  1.1

Action                   |  1- 3 |  4- 6 || total
-------------------------+-------+-------++-------
Melee: War axe           |   115 |   109 ||   224
  Use: Scroll            |       |     4 ||     4
  Eat: Chunk             |     2 |     4 ||     6
Armor: Leather armour    |    34 |       ||    34
       Chain mail        |    33 |    95 ||   128
Dodge: Dodged            |    71 |    31 ||   102
Block: Shield            |    12 |    72 ||    84

Table legend:
 A = Non-vault XP
 B = Vault XP
 C = Vault XP percentage of total XP
 D = Non-vault monster count
 E = Vault monster count
 F = Vault count percentage of total count
                 A         B        C        D         E       F
            +---------+---------+-------+---------+---------+-------
      Total |     153 |      38 |  19.9 |      57 |      13 |  18.6
            +---------+---------+-------+---------+---------+-------
        D:1 |      41 |       0 |   0.0 |      18 |       0 |   0.0
        D:2 |      39 |      38 |  49.4 |      14 |      13 |  48.1
        D:3 |      70 |       0 |   0.0 |      24 |       0 |   0.0
        D:4 |       3 |       0 |   0.0 |       1 |       0 |   0.0
            +---------+---------+-------+---------+---------+-------
